[Event "*** SCC Grand Prix: Titled Tuesday Blitz"]
[Site "Chess.com"]
[Date "2020.07.07"]
[Round "9"]
[White "Crazy_girl99"]
[Black "deribas12345"]
[Result "1-0"]
[WhiteElo "2471"]
[BlackElo "2577"]
[TimeControl "180+1"]
[EndTime "11:47:03 PDT"]
[Termination "Crazy_girl99 won on time"]

1. e4 c5 2. Nf3 e6 3. d4 d5 4.
exd5 exd5 5. Bb5+ Nc6 6. O-O Bd6 7. Re1+ Ne7 8. c4 a6 9. cxd5 axb5 10. dxc6 bxc6 11. dxc5 Bxc5 12. Qc2 Qb6 13. Nc3 O-O 14. Ne4 Bb4 15. Be3 Qc7 16. Rec1 Bf5 17. Nd4 Bg6 18.
a3 Bd6 19. h3 Rac8 20. f3 Nd5 21. Bf2 Bf4 22. Re1 Rfe8 23. Rad1 h6 24. Qxc6 Qe5 25.
Qxb5 Rb8 26. Qe2 Rec8 27. g3 Qh5 28. Qf1 Rxb2 29. g4 Qe5 30. Nc3 Bh2+ 31. Kh1 Qd6 32. Nxd5 Qxd5 33. Kxh2 Qd6+ 34. Kh1 Qf4 35. Re2 Rxe2 36.
Qxe2 h5 37. Qd2 Qf6 38. Kg2 Rd8 39. Qe3 hxg4 40. hxg4 Rc8 41. Rd2 Rc1 42. Ne2 Qa6 43. Ng3 Qb5 44. Qe2 Qc6 45. Rd8+ Kh7 46. Rd2 1-0

[Event "*** SCC Grand Prix: Titled Tuesday Blitz"]
[Site "Chess.com"]
[Date "2020.07.07"]
[Round "9"]
[White "Fins0905"]
[Black "LedakovAlexandr"]
[Result "1/2-1/2"]
[WhiteElo "2624"]
[BlackElo "2506"]
[TimeControl "180+1"]
[EndTime "11:47:04 PDT"]
[Termination "Game drawn by repetition"]

1. c4 Nc6 2. g3 d6 3. Bg2 g6 4.
Nc3 Bg7 5. e3 e5 6. Nge2 Nge7 7.
O-O Be6 8. d4 exd4 9. exd4 Bxc4 10. d5 Bxe2 11. Qxe2 Nd4 12. Qd3 O-O 13. Re1 h6 14. Bxh6 Bxh6 15. Qxd4 Nf5 16. Qd3 Bg7 17. h4 Qf6 18. Bh3 Nd4 19. Bg4 Rfe8 20. Kg2 Kf8 21. Re3 c5 22. dxc6 bxc6 23. Rae1 d5 24. Na4 Qd6 25.
a3 Rxe3 26. Rxe3 Re8 27. b4 Rxe3 28. fxe3 Nb5 29. Nc5 Kg8 30. a4 Nc7 31. a5 Be5 32. e4 dxe4 33. Qxe4 Bxg3 34. h5 gxh5 35. Bxh5 Bf4 36.
Qf5 Nd5 37. Qxf7+ Kh8 38. Ne6 Qe5 39. Qf8+ Kh7 40. Qf7+ Kh8 41. Qe8+ Kh7 42. Qg6+ Kh8 43. Qe8+ Kh7 44. Qf7+ Kh8 1/2-1/2

[Event "*** SCC Grand Prix: Titled Tuesday Blitz"]
[Site "Chess.com"]
[Date "2020.07.07"]
[Round "9"]
[White "francyIM"]
[Black "Nikithebest"]
[Result "1-0"]
[WhiteElo "2609"]
[BlackElo "2471"]
[TimeControl "180+1"]
[EndTime "11:47:04 PDT"]
[Termination "francyIM won by resignation"]

1. Nf3 c5 2. e4 d6 3. d4 cxd4 4. Nxd4 Nf6 5. Nc3 g6 6. Be2 Bg7 7. O-O O-O 8. Nb3 Nc6 9. Be3 Be6 10. Qd2 a5 11. a4 d5 12. exd5 Nxd5 13. Nxd5 Qxd5 14.
Nc5 Qxd2 15. Bxd2 Bf5 16. c3 b6 17. Nb3 Rfd8 18. Be3 Rab8 19. Bb5 Be6 20. Nd2 Ne5 21.
Bd4 Ng4 22. Nf3 Bd5 23. Bxg7 Kxg7 24. Nd4 e5 25. Ne2 Bb7 26. Rfd1 f5 27. h3 Nf6 28. f3 f4 29. Kf2 Nd5 30. Rd3 Ne3 31. g3 Rxd3 32. Bxd3 g5 33. h4 Rd8 34. Bb5 Rd1 35.
Rxd1 Nxd1+ 36. Ke1 Nxb2 37. hxg5 Bxf3 38. gxf4 Bxe2 39. Kxe2 exf4 40. Kd2 f3 41. Kc2 Nxa4 42. Bxa4 Kg6 43. Kd3 Kxg5 44. Ke3 Kg4 45. Bd1 a4 46. Bxf3+ Kg3 47. Bd5 h5 48. Kd4 a3 49. Kd3 Kf4 50. Kc2 Ke5 51. Bh1 Kf4 52. Kb3 Ke3 53. Kxa3 Kd3 54.
Kb4 h4 55. Bg2 Kd2 56. c4 Kd3 57. Bh3 Kd4 58. Kb5 Kd3 59. Be6 Kd4 60. Kxb6 h3 61.
Kb5 h2 62. Bd5 1-0

[Event "*** SCC Grand Prix: Titled Tuesday Blitz"]
[Site "Chess.com"]
[Date "2020.07.07"]
[Round "9"]
[White "secretsuperstar7"]
[Black "amatatanav"]
[Result "0-1"]
[WhiteElo "2146"]
[BlackElo "2432"]
[TimeControl "180+1"]
[EndTime "11:47:04 PDT"]
[Termination "amatatanav won on time"]

1. c4 e6 2. Nc3 d5 3. e3 Nf6 4.
Nf3 Be7 5. Be2 O-O 6. O-O dxc4 7.
Bxc4 a6 8. Ne5 b5 9. Qf3 Ra7 10. Bd3 Bb7 11. Qh3 Nc6 12. Ne4 g6 13. Nxc6 Bxc6 14. Nxf6+ Bxf6 15. Bc2 e5 16. d3 Qd7 17. Qg3 a5 18. e4 Bg7 19. Be3 Raa8 20. Rad1 Qe7 21.
f4 exf4 22. Qxf4 Bxb2 23. d4 Rae8 24. d5 Be5 25. Qf2 Bd7 26. Bd3 c6 27. Rfe1 Rc8 28. dxc6 Bxc6 29. Bc5 Bd6 30. Bxd6 Qxd6 31. Bxb5 Qe5 32.
Bxc6 Rxc6 33. Rd5 Qc3 34. Qe3 Qb4 35. h3 Re6 36. Rd2 Rxe4 37. Qxe4 Qxd2 38. Re2 Qc3 39. Kh2 Qc7+ 40. Qe5 Qa7 41. Qd5 Rb8 42. Re5 Ra8 43. Re4 a4 44. Rf4 Qc7 0-1

[Event "*** SCC Grand Prix: Titled Tuesday Blitz"]
[Site "Chess.com"]
[Date "2020.07.07"]
[Round "9"]
[White "amintabatabaei"]
[Black "AnishOnYoutube"]
[Result "1-0"]
[WhiteElo "2947"]
[BlackElo "2807"]
[TimeControl "180+1"]
[EndTime "11:47:05 PDT"]
[Termination "amintabatabaei won on time"]

1. e4 c5 2. Nc3 d6 3. Nge2 Nf6 4.
g3 e6 5. Bg2 Nc6 6. O-O Be7 7.
d3 O-O 8. f4 Rb8 9. a4 a6 10. h3 Ne8 11. g4 b5 12. axb5 axb5 13. Be3 b4 14. Nb1 Nc7 15. Nd2 Nb5 16. Nf3 d5 17. e5 Bd7 18. Ng3 Nbd4 19. Nxd4 cxd4 20. Bd2 b3 21. c3 Qb6 22. Kh2 dxc3 23. Bxc3 Nd4 24.
Qd2 Nc2 25. f5 Qe3 26. Qxe3 Nxe3 27. Rf2 Ra8 28. Re1 Nxg2 29. Kxg2 Bh4 30. Rf4 Rfb8 31. Ref1 Bg5 32. R4f3 Ra2 33. Ne2 Rc8 34. Kg3 h5 35.
gxh5 exf5 36. Nd4 f4+ 37. Rxf4 Bxf4+ 38. Kxf4 Ba4 39. Rg1 Kh7 40. e6 fxe6 41. Nxe6 Rxc3 42. bxc3 b2 43. Rxg7+ Kh8 44. Rb7 Bc2 45. Rb8+ Kh7 46.
Ng5+ Kh6 47. Rb6+ Kg7 48. h6+ 1-0

[Event "*** SCC Grand Prix: Titled Tuesday Blitz"]
[Site "Chess.com"]
[Date "2020.07.07"]
[Round "9"]
[White "SCIM"]
[Black "Djager97"]
[Result "1-0"]
[WhiteElo "2540"]
[BlackElo "2389"]
[TimeControl "180+1"]
[EndTime "11:47:05 PDT"]
[Termination "SCIM won by checkmate"]

1. d4 d5 2. c4 e6 3. Nf3 c6 4. e3 Nf6 5. Bd3 Nbd7 6. b3 Bd6 7. Bb2 O-O 8. O-O Qe7 9. Ne5 dxc4 10. Nxc4 Bc7 11.
Ba3 c5 12. Nc3 b6 13. Nb5 Bb8 14. Qf3 Ba6 15. Nd2 e5 16. g3 Bxb5 17. Bxb5 e4 18.
Qe2 Bd6 19. Nc4 a6 20. Bc6 Rac8 21. Bb7 Rb8 22. Bxa6 Ra8 23. Nxd6 Qxd6 24. Bb2 cxd4 25. Bxd4 Ne5 26. Bxe5 Qxe5 27. Bc4 h5 28. h3 h4 29. g4 Rad8 30. a4 Qg5 31. Rad1 Nd7 32. Qc2 Qg6 33. Rd5 Nf6 34. Rf5 Nxg4 35. hxg4 Qxg4+ 36. Kh2 Qxf5 37. Rg1 g6 38. Rg2 Qe5+ 39. Kh3 Rd6 40. Qe2 Rfd8 41. Qg4 Rd1 42. Qxg6+ Kh8 43. Qh6# 1-0

[Event "*** SCC Grand Prix: Titled Tuesday Blitz"]
[Site "Chess.com"]
[Date "2020.07.07"]
[Round "9"]
[White "Lenyas66"]
[Black "tlomigtlis"]
[Result "1-0"]
[WhiteElo "2487"]
[BlackElo "2366"]
[TimeControl "180+1"]
[EndTime "11:47:05 PDT"]
[Termination "Lenyas66 won by checkmate"]

1. e4 c5 2. Nf3 d6 3. Bb5+ Nd7 4.
a4 Nf6 5. Nc3 a6 6. Be2 g6 7. O-O Bg7 8. a5 O-O 9. d3 Qc7 10. Bf4 e5 11. Bg5 h6 12. Bh4 g5 13.
Bg3 Nb8 14. h4 gxh4 15. Bxh4 Be6 16. Nd2 Nc6 17. Nc4 Rad8 18. Ne3 Ne7 19. Qe1 Rd7 20. f4 exf4 21. Rxf4 d5 22. Rxf6 Bxf6 23. Bxf6 d4 24. Bxe7 dxc3 25. Bxf8 cxb2 26. Rb1 Kxf8 27. Rxb2 Qe5 28. Rb6 c4 29. Qf2 cxd3 30. cxd3 Ke8 31. Nc4 Qa1+ 32. Bf1 Qg7 33. Qc5 Qf6 34. Nd6+ Kf8 35.
Nf5+ Kg8 36. Rd6 Rxd6 37. Qxd6 Kh7 38. d4 Qg5 39. Qe5 Kg6 40. d5 Bxf5 41. exf5+ Qxf5 42. Qxf5+ Kxf5 43. Be2 Ke5 44. Bf3 f5 45. Kf2 Kd6 46. Ke3 Ke5 47. Kd3 Kd6 48. Kd4 f4 49. Ke4 h5 50. Kxf4 h4 51. Kg4 h3 52. Kxh3 Ke5 53.
Kg4 Kd6 54. Kf5 Kc5 55. Ke6 Kb5 56. d6 Kxa5 57. d7 Kb5 58. d8=Q Ka4 59. Qb6 Ka3 60. Bd5 Ka4 61. Qb3+ Ka5 62. Qxb7 Ka4 63. Bc4 Ka5 64.
Kd5 Ka4 65. Kc5 Ka5 66. Qb4# 1-0

[Event "*** SCC Grand Prix: Titled Tuesday Blitz"]
[Site "Chess.com"]
[Date "2020.07.07"]
[Round "9"]
[White "KNCP_719"]
[Black "attack2mateU"]
[Result "0-1"]
[WhiteElo "2475"]
[BlackElo "2631"]
[TimeControl "180+1"]
[EndTime "11:47:06 PDT"]
[Termination "attack2mateU won by checkmate"]

1. d4 Nf6 2. Nf3 g6 3. e3 Bg7 4.
Be2 O-O 5. O-O d6 6. b3 c5 7. Bb2 cxd4 8. exd4 d5 9. c4 Nc6 10. Nc3 Bf5 11. Ne5 dxc4 12. Nxc6 bxc6 13. bxc4 Rb8 14. Qd2 Bh6 15. Qxh6 Rxb2 16. Qe3 Qa5 17. Bf3 Qb4 18. c5 Ng4 19. Bxg4 Bxg4 20. Rac1 Be6 21.
Qf3 Qxd4 22. Ne2 Qd5 23. Qe3 Qd2 24. Qxd2 Rxd2 25. Nf4 Bxa2 26. Ra1 Rb8 27. Rfe1 e6 28. h4 Rbb2 29. Nh3 h6 30. Re3 Rb1+ 31. Rxb1 Bxb1 32. Ra3 Ra2 33. Rb3 Bf5 34. Nf4 Kg7 35. Rb7 Kf6 36.
Rc7 Ke5 37. g3 g5 38. hxg5 hxg5 39. Nh5 Ra1+ 40. Kg2 Be4+ 41. f3 Ra2+ 42. Kh3 Bxf3 43. Ng7 f6 44. Ne8 g4+ 45. Kh4 Rh2# 0-1

[Event "*** SCC Grand Prix: Titled Tuesday Blitz"]
[Site "Chess.com"]
[Date "2020.07.07"]
[Round "9"]
[White "aripov96"]
[Black "ailime26"]
[Result "1-0"]
[WhiteElo "2362"]
[BlackElo "1861"]
[TimeControl "180+1"]
[EndTime "11:47:06 PDT"]
[Termination "aripov96 won on time"]

1. e4 c5 2. Nf3 Nc6 3. Nc3 e6 4. Bb5 d5 5. exd5 exd5 6. Qe2+ Be7 7. Ne5 Qd6 8. O-O Nf6 9. d4 O-O 10. Bxc6 bxc6 11. dxc5 Qxc5 12. Nd3 Qd6 13. Bf4 Qd7 14. Ne5 Qb7 15. Nxc6 Qxc6 16. Qxe7 d4 17. Ne2 Bb7 18. f3 Rae8 19. Nxd4 Rxe7 20. Nxc6 Bxc6 21. Bd6 Rfe8 22. Bxe7 Rxe7 23. Rfe1 Rd7 24. Rad1 Bd5 25. c4 Be6 26.
Rxd7 Nxd7 27. b3 g6 28. Kf2 Nc5 29. Ke3 a5 30. Kd4 Nd7 31. a3 Kf8 32. b4 axb4 33. axb4 Nb6 34. c5 Nc8 35. b5 Na7 36. b6 Nc6+ 37.
Kc3 Ke7 38. Ra1 Kd7 39. Rd1+ Kc8 40. Rd6 Kb7 41. f4 h5 42. g3 Bf5 43. Kc4 Be6+ 44. Kb5 1-0

[Event "*** SCC Grand Prix: Titled Tuesday Blitz"]
[Site "Chess.com"]
[Date "2020.07.07"]
[Round "9"]
[White "MFBerna"]
[Black "Michaelson_11"]
[Result "1-0"]
[WhiteElo "2392"]
[BlackElo "2121"]
[TimeControl "180+1"]
[EndTime "11:47:08 PDT"]
[Termination "MFBerna won on time"]

1. d4 Nf6 2. Nf3 g6 3. g3 Bg7 4.
Bg2 O-O 5. O-O d6 6. c4 c6 7. Nc3 Qb6 8. Re1 Qa6 9. Qd3 d5 10. Ne5 Bf5 11. e4 dxe4 12. Nxe4 Nxe4 13. Bxe4 Bxe4 14.
Qxe4 Qa5 15. Bf4 Na6 16. a3 c5 17. Qxb7 Rab8 18. Qxe7 Rxb2 19. Nd7 Rc8 20. Be5 Qd2 21.
Rf1 cxd4 22. Rad1 Qc2 23. Bxg7 Kxg7 24. Qf6+ Kg8 25. Qxa6 Qxc4 26. Qf6 Qe6 27. Qxe6 fxe6 28. Rxd4 Rc3 29. a4 Rcc2 30. Ne5 Ra2 31. Nd3 Rd2 32.
Kg2 e5 33. Rd5 e4 34. Nb4 Rxd5 35. Nxd5 Rxa4 36. Nf6+ Kf7 37. Nd5 Ra2 38. Re1 Ke6 39.
Nc3 Rc2 40. Rxe4+ Kf5 41. Re3 a5 42. Kf3 Rc1 43. g4+ 1-0

[Event "*** SCC Grand Prix: Titled Tuesday Blitz"]
[Site "Chess.com"]
[Date "2020.07.07"]
[Round "9"]
[White "Bastiandash"]
[Black "mirochka"]
[Result "1/2-1/2"]
[WhiteElo "2318"]
[BlackElo "2152"]
[TimeControl "180+1"]
[EndTime "11:47:08 PDT"]
[Termination "Game drawn - insufficient material"]

1. d4 Nf6 2. Nf3 d5 3. c3 g6 4. Bg5 Bg7 5. Nbd2 O-O 6. e3 c5 7. Be2 Nc6 8. O-O b6 9. Ne5 Bb7 10. f4 Nd7 11. Nxd7 Qxd7 12. Nf3 Kh8 13. Ne5 Qe6 14. Bg4 Qd6 15. Be2 Rad8 16. Qe1 f6 17. Nxc6 Bxc6 18. Bh4 Rde8 19. Qg3 e5 20. fxe5 fxe5 21.
Rxf8+ Rxf8 22. Rf1 Rxf1+ 23. Bxf1 cxd4 24. cxd4 Qe6 25. Qf2 exd4 26. exd4 h6 27. Bd3 Kh7 28. h3 Be8 29.
Bg3 b5 30. h4 Qb6 31. Be5 Bxe5 32. dxe5 Qxf2+ 33. Kxf2 Kg7 34. Ke3 Kf7 35. Kd4 Ke6 36. Be2 g5 37. Bg4+ Ke7 38. hxg5 hxg5 39. Kxd5 b4 40. Ke4 Bc6+ 41. Kf5 Bxg2 42. Kxg5 Bd5 43. b3 a5 44. Bf5 a4 45. bxa4 Bxa2 46. Bc2 b3 47.
Bxb3 Bxb3 48. a5 Bc4 49. Kf4 Ke6 50. Ke4 Bb5 51. Kd4 Ba6 52. Ke4 Bb5 53. Kd4 Ba6 54. Kc5 Bf1 55. Kb6 Be2 56. a6 Bxa6 57. Kxa6 Kxe5 1/2-1/2

[Event "*** SCC Grand Prix: Titled Tuesday Blitz"]
[Site "Chess.com"]
[Date "2020.07.07"]
[Round "9"]
[White "IsaacWiebe"]
[Black "PawnEatingZombie"]
[Result "1-0"]
[WhiteElo "2101"]
[BlackElo "2181"]
[TimeControl "180+1"]
[EndTime "11:47:09 PDT"]
[Termination "IsaacWiebe won by resignation"]

1. d4 d5 2. c4 e6 3. Nf3 dxc4 4. e3 b5 5. a4 c6 6. axb5 cxb5 7. b3 Bb4+ 8. Bd2 Bxd2+ 9. Qxd2 a5 10. bxc4 b4 11.
Bd3 Nf6 12. O-O O-O 13. Qc2 Nbd7 14. Nbd2 Bb7 15. c5 Qc7 16. Nc4 Bc6 17. Nfe5 Nxe5 18. Nxe5 Rfb8 19. Rfb1 h6 20. Nc4 a4 21. Nb6 b3 22.
Nxa8 Bxa8 23. Qe2 Qc6 24. f3 Qb7 25. Rxa4 Nd5 26. Qd2 f5 27. Bc4 b2 28. Rxb2 Qxb2 29. Qxb2 Rxb2 30. Rxa8+ Kh7 31. Bxd5 exd5 32. Rd8 Re2 33.
Rxd5 Rxe3 34. Rxf5 Rc3 35. Rd5 Kg6 36. h4 Kf6 37. Rd6+ Ke7 38. Kh2 h5 39. Kg3 Rc2 40. Kh3 Rc3 41. Rd5 g6 42. Rd6 Rd3 43. Kg3 Rd2 44.
d5 Rc2 45. Re6+ Kf7 46. c6 Rd2 47. Rd6 Ke7 48. Rd7+ Kf6 49. c7 Rc2 50. d6 Ke6 51. Rd8 1-0

[Event "*** SCC Grand Prix: Titled Tuesday Blitz"]
[Site "Chess.com"]
[Date "2020.07.07"]
[Round "9"]
[White "AlanTate"]
[Black "GustavoJuarezF"]
[Result "1-0"]
[WhiteElo "2142"]
[BlackElo "1992"]
[TimeControl "180+1"]
[EndTime "11:47:09 PDT"]
[Termination "AlanTate won on time"]

1. d4 Nf6 2. c4 e5 3. dxe5 Ng4 4. Bf4 Nc6 5. Nf3 Bb4+ 6. Nbd2 Qe7 7. a3 Ngxe5 8. Nxe5 Nxe5 9. e3 Bxd2+ 10. Qxd2 d6 11. Be2 O-O 12. O-O Be6 13. Rfc1 b6 14. b4 a5 15. c5 axb4 16. cxb6 cxb6 17. Qxb4 Qa7 18. Qxd6 Ng6 19. Bg3 Rfd8 20. Qb4 Qa5 21. Bf3 Qxb4 22. axb4 Rxa1 23. Rxa1 b5 24. h3 Bc4 25. Bc7 Rc8 26.
Ra7 h6 27. Bc6 Nf8 28. Bf3 Ne6 29. Ba5 g6 30. g4 Kg7 31. Kh2 Ng5 32. Bg2 Re8 33.
Bb6 Ne4 34. Bd4+ Kg8 35. Bxe4 f5 36. Bc6 Rd8 37. gxf5 gxf5 38. Ra8 Rxa8 39. Bxa8 Kf7 40. Kg3 Ke6 41. Kf4 Bd3 42. Bc6 Kd6 43. Be8 Ke7 44. Bh5 Ke6 45. Bf3 h5 46. h4 Bc4 47.
Bxh5 1-0

[Event "*** SCC Grand Prix: Titled Tuesday Blitz"]
[Site "Chess.com"]
[Date "2020.07.07"]
[Round "9"]
[White "vitnik2020"]
[Black "rynos0411"]
[Result "0-1"]
[WhiteElo "2277"]
[BlackElo "2435"]
[TimeControl "180+1"]
[EndTime "11:47:11 PDT"]
[Termination "rynos0411 won by resignation"]

1. d4 d5 2. c4 c6 3. Nf3 Nf6 4. e3 e6 5. b3 Ne4 6. Bd3 Bb4+ 7.
Nbd2 f5 8. O-O Nd7 9. Qc2 O-O 10. Bb2 Qf6 11. a3 Bd6 12. b4 g5 13. Nb3 h5 14. b5 g4 15. Ne5 Nxe5 16. dxe5 Bxe5 17. Bxe5 Qxe5 18. f3 Nd6 19. e4 dxc4 20. Bxc4 Nxc4 21. Qxc4 Qxb5 22. Qxb5 cxb5 23. Rfd1 b6 24. Rac1 Rf7 25. Nd4 Bd7 26. Nc6 Bxc6 27. Rxc6 Re8 28. Rb1 Rd7 29. Rxb5 gxf3 30. gxf3 fxe4 31. fxe4 e5 32. Rd5 Rxd5 33.
exd5 Rd8 34. d6 Kf7 35. Rc7+ Ke6 36. Rxa7 Rxd6 37. Kf2 Rd2+ 38. Ke3 Rxh2 39. Ra6 Rb2 40.
a4 Kd5 41. a5 bxa5 42. Rxa5+ Ke6 43. Ra6+ Kf5 44. Rh6 Rh2 45. Rh8 Rh3+ 46. Kf2 e4 47. Rf8+ Kg4 48. Rg8+ Kh4 49. Ke2 Rg3 50. Re8 Rg4 51.
Kf2 Kh3 52. Re5 h4 53. Re8 Kh2 54. Re7 h3 55. Re8 Rf4+ 56. Ke2 Kg3 57. Rg8+ Rg4 58. Rh8 h2 0-1

[Event "*** SCC Grand Prix: Titled Tuesday Blitz"]
[Site "Chess.com"]
[Date "2020.07.07"]
[Round "9"]
[White "Indianlad"]
[Black "TheBigBoss04"]
[Result "0-1"]
[WhiteElo "2943"]
[BlackElo "2767"]
[TimeControl "180+1"]
[EndTime "11:47:12 PDT"]
[Termination "TheBigBoss04 won by resignation"]

1. c4 Nf6 2. Nf3 e6 3. Nc3 d5 4. e3 b6 5. b4 Bb7 6. Bb2 a6 7. b5 dxc4 8. Bxc4 Bd6 9. a4 O-O 10. O-O Nbd7 11. d4 a5 12. Qc2 Bxf3 13. gxf3 Nd5 14. f4 Nxc3 15. Qxc3 Qh4 16. Kh1 Nf6 17.
f3 Nd5 18. Qd2 Rad8 19. Rg1 f5 20. Rg3 Rf6 21. Rag1 Rd7 22. Bxd5 exd5 23. Qg2 Qh6 24. Bc3 g6 25. h4 Re6 26. Bd2 Qxh4+ 27. Rh3 Qf6 28. Qg3 Rg7 29. Qf2 Ree7 30. Rg5 Qe6 31. Bc1 Kf8 32. Kg2 Ke8 33. Kf1 Kd8 34. Qc2 Bxf4 35.
Rg2 Bxe3 36. Re2 f4 37. Rh4 g5 38. Rh1 g4 39. Bxe3 gxf3 40. Rf2 Qxe3 41. Qd1 Rg2 42. Rxf3 Qe2+ 43. Qxe2 Rgxe2 44. Rxh7 Re1+ 45. Kg2 Rxh7 0-1

[Event "*** SCC Grand Prix: Titled Tuesday Blitz"]
[Site "Chess.com"]
[Date "2020.07.07"]
[Round "9"]
[White "dopolian"]
[Black "czasnaszachy"]
[Result "1-0"]
[WhiteElo "2423"]
[BlackElo "2242"]
[TimeControl "180+1"]
[EndTime "11:47:12 PDT"]
[Termination "dopolian won by resignation"]

1. e4 c5 2. Nf3 d6 3. c3 Nf6 4. Be2 e6 5. O-O Be7 6. d3 O-O 7. Nbd2 Nc6 8. Re1 Qc7 9. a4 b6 10. Nc4 Bb7 11. Bf4 e5 12. Bg5 a6 13. Ne3 h6 14. Bxf6 Bxf6 15. Nd5 Qd8 16. h3 Nb8 17. c4 Bxd5 18. cxd5 Nd7 19. Nd2 b5 20. Bg4 Qc7 21. axb5 axb5 22. Qb3 b4 23. Bxd7 Qxd7 24.
Nc4 Qc7 25. Ra4 Rxa4 26. Qxa4 Be7 27. Ra1 Rb8 28. Qc6 Qd8 29. Ra7 Bf8 30. Rd7 Qg5 31. Ne3 Qh5 32. Kf1 b3 33. Ra7 Qg5 34. Ra8 Rxa8 35.
Qxa8 Qe7 36. Qb8 g6 37. Qxb3 Qg5 38. g3 f5 39. h4 Qh5 40. Qd1 Qxd1+ 41. Nxd1 Be7 42.
Ne3 Bd8 43. exf5 g5 44. hxg5 hxg5 45. Nc4 Bc7 46. Ke2 Kf7 47. Kf3 Kf6 48. Kg4 Bb8 49. Nd2 Bc7 50. Ne4+ Kg7 51. Nxg5 Kf6 52. Ne6 Ba5 53.
Ng5 Bd2 54. Ne4+ Ke7 55. Nxd2 1-0

[Event "*** SCC Grand Prix: Titled Tuesday Blitz"]
[Site "Chess.com"]
[Date "2020.07.07"]
[Round "9"]
[White "chessplayer9919"]
[Black "MrChampion_Coach"]
[Result "0-1"]
[WhiteElo "2630"]
[BlackElo "2428"]
[TimeControl "180+1"]
[EndTime "11:47:13 PDT"]
[Termination "MrChampion_Coach won on time"]

1. d4 Nf6 2. c4 c5 3. d5 b5 4. Qc2 g6 5. e4 d6 6. cxb5 Bg7 7. Nc3 a6 8. a4 O-O 9. Nf3 axb5 10. Bxb5 Ba6 11.
O-O Bxb5 12. Nxb5 Na6 13. Bd2 Ng4 14. h3 Ne5 15. Nxe5 Bxe5 16. Bc3 f6 17. Bd2 g5 18. g3 Qc8 19. Kg2 Kh8 20. f4 gxf4 21. gxf4 Rg8+ 22.
Kh2 Bd4 23. Bc3 Bxc3 24. bxc3 c4 25. Nd4 Nc5 26. Rg1 Rxg1 27. Rxg1 Rxa4 28. Ne6 Nxe6 29. Qxa4 Nxf4 30. Rg4 Nxh3 31. Rg3 Nf4 32. Qa7 Qe8 33.
Rf3 Qh5+ 34. Kg3 Ne2+ 35. Kf2 Qh2+ 36. Ke3 Qg1+ 37. Rf2 Nxc3 38. Qxe7 Nd1+ 39. Kd2 c3+ 40. Kd3 Nxf2+ 41. Kc4 Qf1+ 42. Kb3 Qb1+ 43. Kxc3 Nxe4+ 44. Kd4 Qb2+ 45. Ke3 Qd2+ 46. Kf3 Qf2+ 47. Kg4 Qg3+ 48. Kf5 Qe5+ 0-1

[Event "*** SCC Grand Prix: Titled Tuesday Blitz"]
[Site "Chess.com"]
[Date "2020.07.07"]
[Round "9"]
[White "FMJoseHerrera"]
[Black "Xeniya2005"]
[Result "0-1"]
[WhiteElo "2481"]
[BlackElo "2389"]
[TimeControl "180+1"]
[EndTime "11:47:13 PDT"]
[Termination "Xeniya2005 won on time"]

1. Nf3 d5 2. g3 c5 3. Bg2 Nc6 4. c4 d4 5. O-O g6 6. b4 Nxb4 7. e3 Nc6 8. exd4 cxd4 9. d3 Bg7 10. a4 Nf6 11. a5 a6 12. Bg5 O-O 13. Re1 Re8 14.
Nbd2 h6 15. Bxf6 Bxf6 16. Ne4 Bg7 17. Qa4 Qc7 18. h4 Bf5 19. Nfd2 Ne5 20. Qb3 Rab8 21. Ra4 Nc6 22. Qb6 Qxb6 23. axb6 Ne5 24. Nc5 Nxd3 25.
Nxd3 Bxd3 26. Rc1 Rec8 27. c5 Bb5 28. Ra3 Bc6 29. Bh3 f5 30. h5 Kf7 31. hxg6+ Kxg6 32. Re1 Bf6 33. g4 fxg4 34. Bxg4 Rd8 35. Kh2 Rd5 36. Ra5 Rf8 37. Bf3 Rg5 38. Bxc6 bxc6 39. f4 Rg4 40. Rxa6 e5 41. fxe5 Bg5 42. Ne4 Rf3 43.
Ng3 Rfxg3 44. b7 Rg2+ 45. Kh1 Bf4 46. Rxc6+ Kh5 0-1

[Event "*** SCC Grand Prix: Titled Tuesday Blitz"]
[Site "Chess.com"]
[Date "2020.07.07"]
[Round "9"]
[White "Sacbutt"]
[Black "ThePatrick27"]
[Result "0-1"]
[WhiteElo "2302"]
[BlackElo "2502"]
[TimeControl "180+1"]
[EndTime "11:47:13 PDT"]
[Termination "ThePatrick27 won on time"]

1. e4 e5 2. Nf3 Nc6 3. Bc4 Bc5 4. c3 Nf6 5. d3 d6 6. a4 a6 7. h3 h6 8. O-O O-O 9. Nbd2 Ba7 10. Re1 Be6 11. Qc2 Re8 12. Bxe6 Rxe6 13. Nf1 d5 14. Ng3 Qd7 15. b3 Rd8 16. b4 dxe4 17. dxe4 Qd3 18. Ra2 Qxc2 19. Rxc2 Rd3 20. b5 axb5 21. axb5 Ne7 22. c4 Bc5 23. Be3 Bxe3 24. Rxe3 Rxe3 25. fxe3 c5 26. Rd2 Ng6 27. Rd8+ Re8 28. Rxe8+ Nxe8 29. Nf5 f6 30. Nd2 b6 31. Nb1 Nf8 32. Nc3 Nd7 33.
Nd5 Kf7 34. Kf2 h5 35. g4 hxg4 36. hxg4 g6 37. Nfe7 Nd6 38. Kf3 Nxc4 39. Nc8 Ke6 40. Nc7+ Kf7 41. Nd5 Nd2+ 42. Ke2 Nxe4 43. Ncxb6 Nxb6 44. Nxb6 Nc3+ 45. Kd3 Nxb5 46. Kc4 Nd6+ 47. Kxc5 Ke6 48.
Nd5 Ne4+ 49. Kc4 Nf2 50. g5 f5 51. Nc3 Nh3 52. e4 f4 53. Kd3 Nxg5 54. Ke2 Nf7 55. Kf3 g5 56. Kg4 Kd6 57. Nd5 Kc5 58. Ne7 Kd4 59.
Nc6+ Kxe4 60. Ne7 f3 61. Kg3 Nh6 62. Nc6 Nf5+ 63. Kf2 g4 64. Nb4 g3+ 65. Kf1 g2+ 66. Kf2 Ne3 0-1

[Event "*** SCC Grand Prix: Titled Tuesday Blitz"]
[Site "Chess.com"]
[Date "2020.07.07"]
[Round "9"]
[White "quesfr"]
[Black "alexsergeyev"]
[Result "0-1"]
[WhiteElo "2203"]
[BlackElo "2348"]
[TimeControl "180+1"]
[EndTime "11:47:14 PDT"]
[Termination "alexsergeyev won by resignation"]

1. e4 e5 2. Nf3 Nf6 3. Nc3 Bb4 4. Nxe5 O-O 5. Nd3 Bxc3 6. dxc3 Nxe4 7. Nf4 Re8 8. Be2 Nc6 9. O-O d6 10. Re1 Bf5 11. Bd3 Qd7 12. Nd5 Bg6 13. f3 Nc5 14.
Be3 Nxd3 15. cxd3 Ne5 16. Nf4 Qb5 17. d4 Nc4 18. Bc1 Nxb2 19. Rxe8+ Rxe8 20. Qf1 Qxf1+ 21. Kxf1 Nc4 22. h4 f6 23. Kf2 a5 24. a4 Bf7 25. Nd3 b6 26. Bf4 h6 27. g4 g5 28.
hxg5 fxg5 29. Bg3 Re3 30. Rd1 Bd5 31. Ne1 Rxc3 32. f4 Nb2 33. Rd2 Nc4 34. Rd1 Nb2 35. Rd2 Nxa4 36. fxg5 hxg5 37. Nd3 b5 38. Kg1 Bc4 39.
Bxd6 cxd6 40. Ne1 b4 41. Kf2 b3 42. Nf3 b2 43. Rxb2 Nxb2 44. Nxg5 Nd3+ 45. Ke3 a4 46. Kd2 Rc1 47. Ne4 a3 48. Nc3 a2 49. Nxa2 Bxa2 50.
Kxd3 0-1

[Event "*** SCC Grand Prix: Titled Tuesday Blitz"]
[Site "Chess.com"]
[Date "2020.07.07"]
[Round "9"]
[White "Falia-p"]
[Black "bugsbunny444"]
[Result "0-1"]
[WhiteElo "2309"]
[BlackElo "2482"]
[TimeControl "180+1"]
[EndTime "11:47:15 PDT"]
[Termination "bugsbunny444 won by checkmate"]

1. e4 c5 2. Nf3 e6 3. d4 cxd4 4.
Nxd4 a6 5. Bd3 Nf6 6. O-O Qc7 7. Qe2 d6 8. c4 Nbd7 9. Nc3 Ne5 10. Bd2 b6 11. Rac1 Bb7 12. f4 Nxd3 13. Qxd3 Be7 14. Kh1 O-O 15. f5 Qd7 16. b3 Rad8 17. Rce1 Rfe8 18. Qh3 e5 19. Nf3 b5 20. Nd5 bxc4 21. bxc4 Bxd5 22. cxd5 Rc8 23. Ng5 Rc2 24. Qd3 Rxa2 25.
Be3 Qb5 26. Qc3 h6 27. Nf3 Nxe4 28. Qc7 Qxd5 29. Qd7 Qb5 30. Qc7 Bd8 31. Qc1 Ba5 32. Bxh6 Bxe1 33. Rxe1 gxh6 34. Qxh6 f6 35. Qg6+ Kf8 36.
Qh6+ Ke7 37. Rxe4 Qf1+ 38. Ng1 Ra1 39. Qg7+ Kd8 40. Qxf6+ Kd7 41. Qg7+ Re7 42. Re1 Qxe1 43. Qxe7+ Kxe7 44. f6+ Kxf6 45. h4 Qxg1# 0-1

[Event "*** SCC Grand Prix: Titled Tuesday Blitz"]
[Site "Chess.com"]
[Date "2020.07.07"]
[Round "9"]
[White "VladaSviridova"]
[Black "GuuBol"]
[Result "0-1"]
[WhiteElo "2127"]
[BlackElo "2247"]
[TimeControl "180+1"]
[EndTime "11:47:16 PDT"]
[Termination "GuuBol won by checkmate"]

1. d4 d5 2. c4 e6 3. Nf3 c5 4. cxd5 exd5 5. g3 Nf6 6. Bg2 Be7 7. O-O O-O 8. dxc5 Bxc5 9. Nc3 Nc6 10. a3 Re8 11. b4 Bf8 12. Bb2 Bg4 13. h3 Be6 14.
e3 Qd7 15. Kh2 Rad8 16. Nd4 Ne5 17. Nce2 Nc4 18. Bc3 Ne4 19. Bxe4 dxe4 20. Nxe6 Qxe6 21. Bd4 Ne5 22. Ng1 Nc6 23. Ne2 Rd5 24. Qc2 Qh6 25. Kg2 Bd6 26. Qc4 Rh5 27. Rh1 Qg6 28. Nf4 Bxf4 29. exf4 Rd8 30. Be3 Ne7 31. Rad1 Re8 32. Qd4 Nf5 33. Qd7 f6 34. Rd5 Nh4+ 35. Kf1 Nf3 36. Ke2 Rxd5 37. Qxd5+ Kh8 38. Rc1 h6 39. g4 Rf8 40. Rc7 Qe8 41. b5 b6 42. f5 Kh7 43.
Qd7 Qxd7 44. Rxd7 Rc8 45. Rxa7 Rc3 46. a4 Rb3 47. Bxb6 h5 48. gxh5 Kh6 49. Be3+ Kxh5 50. b6 Rb1 51. Bd2 Rxb6 52. Ke3 Rb3+ 53. Kxe4 Nxd2+ 54.
Kf4 Rf3# 0-1